 Dungeon Crawl Stone Soup version 0.29.0-7-g18a832c13a (webtiles) character file.

Game seed: 9451278321391135492

707 Anamonty the Changer (level 7, -1/49 HPs)
             Began as an Octopode Transmuter on Aug 31, 2022.
             Slain by a centaur (4 damage)
             ... on level 5 of the Dungeon.
             The game lasted 00:07:09 (5479 turns).

Anamonty the Changer (Octopode Transmuter)          Turns: 5479, Time: 00:07:10

Health: -1/49      AC:  1    Str: 12    XL:     7   Next: 67%
Magic:  12/12      EV: 14    Int: 15    God:
Gold:   292        SH:  0    Dex: 12    Spells: 6/12 levels left

rFire   . . .      SeeInvis .   l - +3 trident
rCold   . . .      Faith    .   (no shield)
rNeg    . . .      Spirit   .   (helmet restricted)
rPois   .          Reflect  .   g - amulet of magic regeneration
rElec   .          Harm     .   (no ring)
rCorr   .          Rampage  .   (no ring)
Will    .....                   (no ring)
Stlth   ++........              (no ring)
HPRegen 0.16/turn               (no ring)
MPRegen 0.53/turn               (no ring)
                                (no ring)
                                (no ring)

@: no status effects
A: almost no armour, amphibious, 8 rings, camouflage 1, gelatinous body 1,
(nimble swimmer 1), tentacles
a: no special abilities


You were on level 5 of the Dungeon.
You visited 1 branch of the dungeon, and saw 5 of its levels.

You collected 292 gold pieces.

Inventory:

Hand Weapons
 i - a +0 sling
 l - a +3 trident (weapon)
Missiles
 c - a throwing net
Jewellery
 g - an amulet of magic regeneration (around mantle)
Wands
 p - a wand of quicksilver (4) (quivered)
 q - a wand of flame (14)
Scrolls
 b - a scroll of torment
 d - a scroll of blinking {unknown}
 e - 2 scrolls of teleportation
 k - 3 scrolls of poison
 n - a scroll of noise {unknown}
Potions
 a - 3 potions of curing
 f - 2 potions of invisibility {unknown}
 h - 3 potions of heal wounds {unknown}
 j - 3 potions of magic {unknown}
 m - a potion of berserk rage {unknown}
 o - a potion of haste {unknown}


   Skills:
 * Level 4.3 Fighting
 + Level 3.4 Dodging
 + Level 4.3 Unarmed Combat
 + Level 3.4 Spellcasting
 * Level 4.7 Transmutations


You had 6 spell levels left.
You knew the following spells:

 Your Spells              Type           Power      Damage    Failure   Level
a - Beastly Appendage     Tmut           32%        N/A       2%          1
b - Wereblood             Tmut           16%        N/A       4%          2
c - Spider Form           Tmut/Pois      9%         N/A       22%         3

Your spell library contained the following spells:

 Spells                   Type           Power      Damage    Failure   Level
 Portal Projectile        Hex/Tloc       4%         N/A       50%         3
 Tukima's Dance           Hex            2%         N/A       50%         3
 Ice Form                 Ice/Tmut       9%         N/A       58%         4
 Blade Hands              Tmut           8%         N/A       61%         5


Dungeon Overview and Level Annotations

Branches:
Dungeon (5/15)
 Temple: D:4-7

Altars:
Cheibriados
Elyvilon
Uskayaw
Xom


Innate Abilities, Weirdness & Mutations

You cannot wear most types of armour.
You are amphibious.
You can wear up to eight rings at the same time.
Your skin changes colour to match your surroundings (Stealth+).
Your rubbery body absorbs attacks. (AC +1, EV +1)
((You are camouflaged when in or above water. (Stealth+)))
You have tentacles for arms and can constrict up to eight enemies at once.


Message History

A centaur comes into view.
The centaur shouts!
The centaur wields a +0 shortbow.
The centaur shoots an arrow.
The arrow misses you.
There is an open door here.
The centaur unwields a +0 shortbow.
The centaur hits you. The centaur closely misses you.
You hit the centaur.
The centaur is lightly wounded.
The centaur hits you. The centaur kicks you.
You puncture the centaur!
You squeeze the centaur, but do no damage.
The centaur is moderately wounded.
The centaur misses you. The centaur kicks you. The adder barely misses you.
The centaur hits you. The centaur kicks you. The adder barely misses you.
The centaur attacks as you move away! The centaur hits you.
The centaur completely misses you.
The centaur wields a +0 shortbow.
The centaur shoots an arrow.
The arrow hits you.
The centaur shoots an arrow.
The arrow hits you.
There is an open door here.
The adder barely misses you.
You puncture the adder! You grab the adder.
The adder is severely wounded.
You constrict the adder. The adder barely misses you.
You puncture the adder!
You kill the adder!
The centaur shoots an arrow.
The arrow closely misses you.
The centaur shoots an arrow.
The arrow closely misses you.
The centaur shoots an arrow.
The arrow hits you!
* * * LOW HITPOINT WARNING * * *
There is an open door, spattered with blood here.
You see here an adder corpse.
The centaur unwields a +0 shortbow.
The centaur hits you.
* * * LOW HITPOINT WARNING * * *
The centaur kicks you.
* * * LOW HITPOINT WARNING * * *
You barely miss the centaur.
Your tentacle-slap misses the centaur.
The centaur is moderately wounded.
The centaur hits you.
You die...

#.....#
#+######.....###
................
................
................
................
........c.......
........@.......
########†####### ..
+........... ....
#........... ....
#...........
...###+##...##..##.#
#......#...##..# #
#......'.........
#......#..........


You could see a centaur.

Vanquished Creatures
  An ogre (D:5)
  A phantom (D:4)
  A necrophage (D:5)
  4 crimson imps (D:3)
  2 orc priests
  A jelly (D:3)
  Crazy Yiuf (D:2)
  An iguana (D:4)
  2 orc wizards
  5 adders
  2 worms
  3 dart slugs
  11 orcs (D:3)
  9 ball pythons
  6 endoplasms
  2 giant cockroaches
  14 goblins
  4 hobgoblins
  8 jackals
  A quokka (D:1)
  5 bats
  3 frilled lizards
  10 kobolds
  6 rats
103 creatures vanquished.

Notes
Turn   | Place    | Note
-------+----------+-------------------------------------------
     0 | D:1      | Anamonty the Octopode Transmuter began the quest for the
                  | Orb.
     0 | D:1      | Reached XP level 1. HP: 13/13 MP: 3/3
    65 | D:1      | Reached XP level 2. HP: 8/18 MP: 3/5
   140 | D:1      | Learned a level 2 spell: Wereblood
   859 | D:1      | Found a faded altar of an unknown god.
   927 | D:1      | Reached XP level 3. HP: 20/24 MP: 4/6
   931 | D:1      | Learned a level 3 spell: Spider Form
  1136 | D:2      | Found a runed translucent door.
  1137 | D:2      | Noticed Crazy Yiuf
  1918 | D:2      | Reached XP level 4. HP: 25/29 MP: 7/7
  2194 | D:2      | Killed Crazy Yiuf
  2547 | D:3      | Found a white marble altar of Elyvilon.
  2550 | D:3      | Found a snail-covered altar of Cheibriados.
  2577 | D:3      | Reached XP level 5. HP: 24/35 MP: 8/8
  2740 | D:3      | Found a hide-covered altar of Uskayaw.
  3103 | D:3      | Found a shimmering altar of Xom.
  3144 | D:3      | Reached XP level 6. HP: 42/42 MP: 10/10
  4309 | D:4      | Reached XP level 7. HP: 6/46 MP: 11/11
  5413 | D:5      | Entered Level 5 of the Dungeon
  5479 | D:5      | Slain by a centaur

Illustrated notes

Levels and vault maps discovered:
D:1:      amcnicky_arrival_feature_with_door, layout_loops_ring,
          shapermc_ecumenical_altar_pompeii, serial_glass, glass_columns_a,
          glass_columns_a
D:2:      layout_basic, uniq_crazy_yiuf_cottage
D:3:      cheibrodos_greedy_goblins, layout_loops_cross, jmf_multi_god_temple,
          nicolae_uskayaw_suspiria, led_xom_imps
D:4:      layout_rooms
D:5:      layout_gridville, nicolae_sif_muna_little_library, st_stairs_2,
          uniq_duvessa

Skill      XL: |  1  2  3  4  5  6  7 |
---------------+----------------------+-----
Fighting       | 2 3 4 |  4.3
Transmutations | 3 4 |  4.7
Spellcasting   | 3 |  3.4
Dodging        | 3 |  3.4
Unarmed Combat | 4 |  4.3

Action                   |  1- 3 |  4- 6 |  7- 9 || total
-------------------------+-------+-------+-------++-------
Melee: Unarmed           |    76 |    37 |     3 ||   116
       Constrict         |    21 |    20 |     7 ||    48
       Kick              |    14 |    14 |     5 ||    33
       Tentacles         |     9 |    12 |     3 ||    24
       Punch             |     1 |     1 |       ||     2
       Trident           |       |    68 |    38 ||   106
 Fire: Sling             |     4 |    12 |     7 ||    23
 Cast: Beastly Appendage |    14 |     9 |     2 ||    25
       Wereblood         |     1 |     5 |     1 ||     7
       Spider Form       |     1 |     3 |     1 ||     5
Evoke: Wand              |       |       |     3 ||     3
  Use: Potion            |     1 |       |       ||     1
       Scroll            |     1 |     3 |     1 ||     5
 Stab: Sleeping          |     3 |     6 |       ||     9
Armor: Skin              |     9 |     5 |     2 ||    16
Dodge: Dodged            |    49 |    66 |    45 ||   160
